 Dungeon Crawl Stone Soup version 0.31-a0-37-g98a128e1d9 (webtiles) character file.

Game seed: 11050118990305027093

33714 Pooter the Severer (level 13, -1/184 HPs)
             Began as a Minotaur Berserker on May 15, 2023.
             Was an Elder of Trog.
             Slain by a death yak simulacrum (30 damage)
             ... in a Gauntlet.
             The game lasted 01:23:07 (17428 turns).

Pooter the Severer (Minotaur Berserker)            Turns: 17428, Time: 01:23:08

Health: -1/184     AC: 13    Str: 23    XL:     13   Next: 38%
Magic:  12/12      EV:  9    Int:  4    God:    Trog [****..]
Gold:   963        SH:  0    Dex: 14    Spells: 12/12 levels left

rFire   + . .        a - +4 broad axe (heavy)
rCold   . . .        (no shield)
rNeg    . . .        x - +2 chain mail {rF+}
rPois   .            (helmet restricted)
rElec   .            O - +0 cloak
rCorr   .            (no gloves)
SInv    .            j - +0 pair of boots
Will    .....        w - amulet of the acrobat Stlth
                     e - ring of flight
HPRegen 0.50/turn    q - +4 ring of slaying
MPRegen 0.13/turn

%: no teleportation, acrobat
@: berserking (expiring), flying, studying Fighting, very quick
A: horns 2, retaliatory headbutt
a: Renounce Religion, Berserk, Trog's Hand, Brothers in Arms


You were in a Gauntlet.
You worshipped Trog.
Trog was greatly pleased with you.
You visited 3 branches of the dungeon, and saw 13 of its levels.
You also visited: Ossuary, Bailey and Gauntlet.

You collected 1651 gold pieces.
You spent 688 gold pieces at shops.

Inventory:

Hand Weapons
 a - a +4 heavy broad axe (weapon)
   (You bought it in a shop on level 2 of the Orcish Mines)
 b - a +1 arbalest of flaming
   (You took it off an orc warrior on level 5 of the Dungeon)
 y - a +7 vampiric war axe
   (You took it off Blork the orc on level 4 of the Dungeon)
 Z - a +2 battleaxe of flaming
   (You took it off an orc warlord on level 1 of the Orcish Mines)
Missiles
 n - a curare-tipped dart
 o - 39 poisoned darts (quivered)
 s - 8 boomerangs
 H - 3 silver boomerangs
 Q - 83 stones
Armour
 j - a +0 pair of boots (worn)
   (You found it on level 3 of the Dungeon)
 x - a +2 chain mail of fire resistance (worn)
   (You took it off an orc on level 1 of the Orcish Mines)
 L - the +6 scale mail "Capae" {rC+}
   (You took it off a gnoll sergeant on level 5 of the Dungeon)

   rC:        It protects you from cold.
 O - a +0 cloak (worn)
   (You found it on level 7 of the Dungeon)
Jewellery
 e - a ring of flight (left hand)
   (You found it on level 1 of the Dungeon)
 k - the amulet "Jicaheb" {RegenMP rF- rC+ rCorr Dex+2}
   (You found it on level 2 of the Dungeon)

   [amulet of magic regeneration]

   It increases your rate of magic regeneration.
   Dex:       It affects your dexterity (+2).
   rF:        It makes you vulnerable to fire.
   rC:        It protects you from cold.
   rCorr:     It protects you from acid and corrosion.
 q - a +4 ring of slaying (right hand)
   (You found it on level 4 of the Dungeon)
 w - an amulet of the acrobat (around neck)
   (You found it on level 4 of the Dungeon)
 C - a ring of resist corrosion
   (You found it on level 2 of the Dungeon)
 I - a ring of protection from cold
   (You took it off a gnoll bouda on level 5 of the Dungeon)
 P - a ring of poison resistance
   (You took it off a gnoll on level 10 of the Dungeon)
Wands
 f - a wand of flame (10)
   (You took it off Natasha on level 3 of the Dungeon)
 r - a wand of light (9)
   (You took it off Jessica on level 3 of the Dungeon)
 D - a wand of charming (17)
   (You found it on level 7 of the Dungeon)
 N - a wand of mindburst (15)
   (You found it on level 8 of the Dungeon)
 S - a wand of polymorph (9)
   (You took it off an orc on level 8 of the Dungeon)
 T - a wand of roots (6)
   (You found it on level 8 of the Dungeon)
Scrolls
 g - 2 scrolls of fear
 t - 9 scrolls of teleportation {@r4}
 u - 2 scrolls of immolation {!r}
 A - a scroll of poison {!r}
 B - 2 scrolls of blinking
Potions
 c - 5 potions of flight
 d - 13 potions of curing {@q1}
 l - a potion of invisibility {unknown}
 m - 2 potions of cancellation
 p - a potion of haste {@q3}
 v - 3 potions of lignification {!q}
 E - 2 potions of attraction {!q}
 F - 2 potions of mutation {!q}
 G - 3 potions of might
 K - 2 potions of resistance
 M - 3 potions of heal wounds {@q2}
 R - a potion of ambrosia {unknown}


   Skills:
 + Level 13.9 Fighting
 * Level 16.9 Axes
 * Level 13.3 Ranged Weapons
 - Level 2.4 Armour
 - Level 2.1 Dodging
 - Level 6.7 Stealth
 + Level 5.7 Evocations


You had 12 spell levels left.
You didn't know any spells.
Your spell library was empty.

Dungeon Overview and Level Annotations

Branches:
Dungeon (10/15)            Temple (0/1) D:6            Lair (1/5) D:10
    Orc (2/2) D:9             Elf (0/3) Orc:2       Ossuary (visited)
 Bailey (visited)         Gauntlet (1/1)

Altars:
Cheibriados
Elyvilon
Fedhas
Gozag
Yredelemnul

Shops:
Orc:2 *:[((

Annotations:
Orc:1 2 transporters Gauntlet 11 runed translucent doors, 3 transporters


Innate Abilities, Weirdness & Mutations

You have a pair of horns on your head.
You reflexively headbutt those who attack you in melee.


Message History

The withered plant crumbles away. x2
You barely miss the necromancer.
You slice the withered plant like a ripe choko!!!
You hit the death yak. You slice the death yak!! x2
You kill the death yak!
Trog accepts your kill.
A freezing mist starts to gather...
A death yak simulacrum comes into view.
The withered plant crumbles away.
The death yak gores you!!
* * * LOW HITPOINT WARNING * * *
The death yak gores you but does no damage.
The necromancer hits you but does no damage.
You cut the necromancer into ribbons!!!
You kill the necromancer!
Trog accepts your kill.
Trog appreciates your killing of a magic user.
You slash the death yak simulacrum! You barely miss the death yak.
You slice the death yak!!
The death yak simulacrum gores you but does no damage.
The death yak gores you!!
* * * LOW HITPOINT WARNING * * *
The death yak gores you!
* * * LOW HITPOINT WARNING * * *
Cleave: a) +4 broad axe (heavy)
Aim: a death yak simulacrum (moderately damaged, about 2% to evade your +4 heavy broad axe)
Okay, then.
You slash the death yak!
You kill the death yak!
Trog accepts your kill.
You cut the death yak simulacrum into ribbons!!!
You hit the death yak. You slice the death yak simulacrum!!
A freezing mist starts to gather...
A death yak simulacrum comes into view.
The death yak gores you!
* * * LOW HITPOINT WARNING * * *
The death yak simulacrum gores you but does no damage.
You carve the death yak like a ham!!!
You kill the death yak!
Trog accepts your kill.
You open the death yak simulacrum like a pillowcase!!!
You slash the death yak simulacrum! You slice the death yak simulacrum!!
A freezing mist starts to gather...
A death yak simulacrum comes into view.
You slash the death yak simulacrum! You slash the death yak simulacrum!
You slice the death yak simulacrum!!
The death yak simulacrum gores you but does no damage.
The death yak simulacrum gores you.
* * * LOW HITPOINT WARNING * * *
The death yak simulacrum freezes you!!
You die...

.............≈# .
.............# ..
##########.§# 8.#
........#..# ..#.
PP.P...#..###
###!P#P.P#P.#..#8
..#}..○.○...#..#
.©#©..Z@....#©.#
..#[....ZPP.#..###
###?.#..P#..#..#8#
..#.PPP.....#..###
..#.........#..#
.. ##########..###
≈ ............≈#8#
≈........∩...∩###
...........≈#


You could see 2 death yak simulacra.

Vanquished Creatures
  2 orc warlords
  2 two-headed ogres
  2 orc high priests (Orc:2)
  6 death yaks
  A necromancer (Gauntlet)
  Pikel (D:5)
  4 orc sorcerers
  7 orc knights
  The ghost of BlasphemerAmon the Covered, a novice GrFi (D:5)
  An elephant (D:10)
  5 trolls
  A hornet (D:10)
  Prince Ribbit (D:6)
  5 blink frogs (Lair:1)
  Eustachio (D:5)
  5 yaks (D:10)
  A basilisk (D:10)
  A steam dragon (D:9)
  3 wargs (Orc:1)
  3 water moccasins
  4 ice beasts (D:5)
  2 black bears
  36 orc warriors
  6 ogres
  6 wolves (Lair:1)
  A centaur (D:9)
  A lemure (D:5)
  Blork the orc (D:4)
  5 kobold brigands
  3 gnoll sergeants
  13 scorpions
  A bullfrog (Lair:1)
  9 killer bees (D:9)
  4 centaur zombies (Ossuary)
  8 hounds
  2 jellies
  17 orc priests
  A sleepcap (D:7)
  A gnoll bouda (D:5)
  Jessica (D:3)
  An iguana (D:3)
  Natasha (thrice) (D:3)
  16 orc wizards
  3 scorpion zombies (Ossuary)
  3 mummies (Ossuary)
  7 adders
  23 gnolls
  2 white imps
  2 ufetubi
  A worm (D:4)
  2 dart slugs
  85 orcs
  6 bats
  5 endoplasms
  3 giant cockroaches
  A gnoll zombie (Ossuary)
  17 goblins
  23 hobgoblins
  4 jackals (D:1)
  31 kobolds
  2 quokkas
  4 ball pythons
  6 frilled lizards
  2 goblin zombies (Ossuary)
  A hobgoblin zombie (Ossuary)
  A kobold zombie (Ossuary)
  A rat (D:1)
430 creatures vanquished.

Notes
Turn   | Place    | Note
-------+----------+-------------------------------------------
     0 | D:1      | Pooter the Minotaur Berserker began the quest for the Orb.
     0 | D:1      | Reached XP level 1. HP: 19/19 MP: 0/0
   102 | D:1      | Reached XP level 2. HP: 27/27 MP: 1/1
   132 | D:1      | Reached skill level 4 in Axes
   151 | D:1      | Reached skill level 1 in Stealth
   494 | D:1      | Reached XP level 3. HP: 33/33 MP: 2/2
   498 | D:1      | Reached ** piety under Trog
   980 | D:2      | Noticed a scorpion
   987 | D:2      | Killed a scorpion
   988 | D:2      | Reached skill level 5 in Axes
   988 | D:2      | Reached XP level 4. HP: 41/41 MP: 3/3
  1050 | D:2      | Identified the amulet "Jicaheb" {RegenMP rF- rC+ rCorr
                  | Dex+2}
  1385 | D:2      | Reached XP level 5. HP: 47/47 MP: 4/4
  1777 | D:3      | Noticed Natasha
  1795 | D:3      | Killed Natasha
  1924 | D:3      | Reached *** piety under Trog
  2028 | D:3      | Noticed Jessica
  2044 | D:3      | Killed Jessica
  2045 | D:3      | Reached XP level 6. HP: 55/55 MP: 5/5
  2188 | D:3      | Noticed Natasha
  2197 | D:3      | Killed Natasha
  2198 | D:3      | Reached skill level 6 in Axes
  2222 | D:3      | Reached skill level 5 in Fighting
  2419 | D:3      | Noticed Natasha
  2425 | D:3      | Killed Natasha
  2663 | D:4      | Found an opulent altar of Gozag.
  2696 | D:4      | Found a snail-covered altar of Cheibriados.
  2770 | D:4      | Found a sand-covered staircase.
  2780 | Ossuary  | Entered an ossuary
  2794 | Ossuary  | Reached XP level 7. HP: 56/61 MP: 6/6
  2889 | Ossuary  | Reached skill level 7 in Axes
  2988 | Ossuary  | Reached skill level 5 in Stealth
  3037 | Ossuary  | Reached skill level 8 in Axes
  3037 | Ossuary  | Reached XP level 8. HP: 58/70 MP: 7/7
  3281 | D:4      | Found a white marble altar of Elyvilon.
  3282 | D:4      | Found a blossoming altar of Fedhas.
  3460 | D:4      | Noticed Blork the orc
  3474 | D:4      | Killed Blork the orc
  3757 | D:4      | Reached skill level 9 in Axes
  4087 | D:5      | Entered Level 5 of the Dungeon
  4087 | D:5      | Noticed Eustachio
  4092 | D:5      | Killed Eustachio
  4375 | D:5      | Reached XP level 9. HP: 63/79 MP: 8/8
  4451 | D:5      | Found a transporter.
  4469 | D:5      | Noticed Pikel
  4476 | D:5      | Killed Pikel
  4476 | D:5      | Reached **** piety under Trog
  4477 | D:5      | Reached skill level 10 in Axes
  4890 | D:5      | Found a transporter.
  4896 | D:5      | Identified the +6 scale mail "Capae" {rC+}
  4901 | D:5      | Found a transporter.
  4968 | D:5      | Noticed BlasphemerAmon's ghost (novice GrFi)
  5108 | D:5      | Found a basalt altar of Yredelemnul.
  5184 | D:5      | Found a transporter.
  5406 | D:5      | Killed BlasphemerAmon's ghost
  5407 | D:5      | Reached skill level 11 in Axes
  5408 | D:5      | Reached skill level 5 in Ranged Weapons
  5815 | D:6      | Noticed Prince Ribbit
  5819 | D:6      | Killed Prince Ribbit
  6192 | D:6      | Found a staircase to the Ecumenical Temple.
  6199 | D:6      | Reached XP level 10. HP: 88/90 MP: 9/9
  8026 | D:8      | Identified the +1 robe of the Cooper {Will++ Int+2 Dex+3}
  8029 | D:8      | Reached ***** piety under Trog
  9177 | D:9      | Reached skill level 12 in Axes
  9208 | D:9      | Found a flagged portal.
  9254 | Bailey   | Entered a bailey
  9394 | Bailey   | Reached skill level 1 in Evocations
  9739 | Bailey   | Noticed an orc knight
  9748 | Bailey   | Killed an orc knight
  9752 | Bailey   | Noticed an orc warlord
  9757 | Bailey   | Reached skill level 10 in Fighting
  9785 | Bailey   | Killed an orc warlord
 10213 | Bailey   | Reached skill level 13 in Axes
 10622 | Bailey   | Reached skill level 14 in Axes
 10622 | Bailey   | Reached skill level 10 in Ranged Weapons
 10622 | Bailey   | Reached XP level 11. HP: 101/101 MP: 10/10
 10626 | Bailey   | Identified the +7 dagger "Dragonslayer" {drain, Fly rPois
                  | rC-}
 10880 | Bailey   | Identified the staff of conjuration "Qaak" {rPois rC+++
                  | Will- Str-5}
 10949 | D:9      | Found a staircase to the Orcish Mines.
 11575 | Orc:1    | Entered Level 1 of the Orcish Mines
 11575 | Orc:1    | Noticed an orc knight
 11592 | D:9      | Killed an orc knight
 11643 | Orc:1    | Reached XP level 12. HP: 108/108 MP: 11/11
 11989 | Orc:1    | Noticed an ettin
 12008 | Orc:1    | Noticed a two-headed ogre
 12009 | Orc:1    | Noticed a stone giant
 12028 | Orc:2    | Entered Level 2 of the Orcish Mines
 12060 | Orc:1    | Reached skill level 15 in Axes
 12645 | Orc:2    | Found Taneanaj's Antique Weapon Shop.
 12653 | Orc:2    | Found a staircase to the Elven Halls.
 12706 | Orc:2    | Noticed an orc high priest
 12821 | Orc:2    | Killed an orc high priest
 12971 | Orc:2    | Found Wudoduang's General Store.
 12981 | Orc:2    | Found Fuzoz's Book Emporium.
 13390 | Orc:2    | Noticed an orc warlord
 13458 | Orc:1    | Killed an orc warlord
 13576 | Orc:2    | Noticed an orc high priest
 13588 | Orc:2    | Killed an orc high priest
 13719 | Orc:2    | Reached skill level 16 in Axes
 13747 | Orc:2    | Bought a scroll of blinking for 90 gold pieces
 13747 | Orc:2    | Bought a wand of light (2) for 100 gold pieces
 13747 | Orc:2    | Bought a scroll of identify for 24 gold pieces
 13747 | Orc:2    | Bought a potion of attraction for 36 gold pieces
 13762 | Orc:2    | Found Zasegaij's Antique Armour Shop.
 14302 | Orc:1    | Found a transporter.
 14304 | Orc:1    | Found a transporter.
 14308 | Orc:1    | Noticed an orc high priest
 14755 | Orc:2    | Found Haecs's Weapon Boutique.
 14775 | Orc:2    | Bought a +4 heavy broad axe for 438 gold pieces
 14886 | Orc:2    | Noticed a two-headed ogre
 14891 | Orc:2    | Killed a two-headed ogre
 15035 | D:10     | Entered Level 10 of the Dungeon
 15746 | D:10     | Reached skill level 5 in Evocations
 15913 | D:10     | Noticed a death yak
 15920 | D:10     | Killed a death yak
 15921 | D:10     | Reached XP level 13. HP: 122/122 MP: 12/12
 16450 | D:10     | Found a staircase to the Lair.
 17176 | Lair:1   | Entered Level 1 of the Lair of Beasts
 17397 | Lair:1   | Found a gate leading to a gauntlet.
 17406 | Gauntlet | Entered a Gauntlet
 17406 | Gauntlet | Found a large runed translucent door.
 17406 | Gauntlet | Found a large runed translucent door.
 17406 | Gauntlet | Found a large runed translucent door.
 17406 | Gauntlet | Found a large runed translucent door.
 17406 | Gauntlet | Found a large runed translucent door.
 17406 | Gauntlet | Found a large runed translucent door.
 17406 | Gauntlet | Found a large runed translucent door.
 17406 | Gauntlet | Found a large runed translucent door.
 17406 | Gauntlet | Found a runed translucent door.
 17406 | Gauntlet | Found a runed translucent gate.
 17406 | Gauntlet | Found a transporter.
 17406 | Gauntlet | Found a transporter.
 17406 | Gauntlet | Found a runed translucent gate.
 17406 | Gauntlet | Found a transporter.
 17415 | Gauntlet | Found a transporter.
 17428 | Gauntlet | Slain by a death yak simulacrum

Illustrated notes

Levels and vault maps discovered:
D:1:      dpeg_arrival_leaves_temple_mockup, layout_loops_ring
D:2:      layout_loops_ring, minmay_misc_feat_enclosed,
          minmay_misc_feat_more_columns, minmay_surrounded
D:3:      layout_rooms, serial_curves, eino_curves_03, eino_curves_04,
          kennysheep_small_spiral, uniq_natasha, uniq_jessica
D:4:      layout_basic, cheibrodos_worm_habitat, nicolae_overflow_two_pavilions,
          mainiacjoe_overflow_brackets, nicolae_ossuary_entry_monument,
          minmay_misc_feat_iff, uniq_blork_the_orc
D:5:      gammafunk_cloud_chamber, layout_cave_pools,
          mainiacjoe_overflow_catwalk, gammafunk_ghost_gnarly_gnolls,
          nicolae_figureground_pulse, uniq_pikel, uniq_eustachio
D:6:      layout_loops_corners, minmay_temple_entry_glass, serial_bayou_pond_c,
          chequers_serial_rivers_micro_d, uniq_prince_ribbit1
D:7:      lemuel_ice_spiral_2, layout_basic, roderic_filled_cross
D:8:      layout_rooms, columned_hall_lemuel
D:9:      layout_irregular_city, david_orc_2, enter_bailey_2,
          hangedman_decor_push, minmay_fountain_box
D:10:     layout_irregular_city, david_lair_generic
Lair:1:   lemuel_ratsnest, layout_gridlike, gauntlet_entry_generic,
          serial_bayou_pond_c, st_stairs_4, beast_lair_carwin_6
Orc:1:    gammafunk_beogh_shrine, layout_caves, david_defended_altar_orc
Orc:2:    grunt_orc_gardens, layout_diamond_mine, grunt_orc_garden,
          grunt_orc_garden, grunt_orc_garden, grunt_orc_garden, serial_shops,
          nicolae_shop_bloodbath_and_beyond
Gauntlet: gammafunk_gauntlet_shortcut [gammafunk_gauntlet_arena_hedges,
          gammafunk_gauntlet_arena_crates,
          minmay_gauntlet_arena_make_your_own_arena,
          nicolae_gauntlet_arena_t_cross, gammafunk_gauntlet_arena_chambers,
          nicolae_gauntlet_arena_x, dreamdust_gauntlet_exit_labyrinth]

Skill      XL: |  1  2  3  4  5  6  7  8  9 10 11 12 13 |
---------------+----------------------------------------+-----
Axes           | 4 5 6 8 9 11 14 16 | 16.9
Stealth        | 1 2 3 4 5 6 |  6.7
Fighting       | 4 5 6 7 8 10 13 | 13.9
Ranged Weapons | 5 10 12 13 | 13.3
Evocations     | 2 5 |  5.7
Armour         | |  2.4
Dodging        | |  2.1

Action                     |  1- 3 |  4- 6 |  7- 9 | 10-12 | 13-15 || total
---------------------------+-------+-------+-------+-------+-------++-------
  Melee: Hand axe          |    81 |    96 |    64 |       |       ||   241
         Punch             |     1 |     2 |     1 |     5 |       ||     9
         Headbutt          |     9 |    15 |    24 |    37 |     6 ||    91
         War axe           |       |       |    67 |   192 |       ||   259
         Broad axe         |       |       |       |     9 |    39 ||    48
   Fire: Arbalest          |       |       |    41 |   255 |    36 ||   332
  Throw: Stone             |     7 |       |       |       |       ||     7
         Dart              |       |     9 |    17 |       |       ||    26
 Invoke: Berserk           |     1 |     3 |     6 |     9 |     1 ||    20
         Trog's Hand       |       |     1 |     5 |    18 |     1 ||    25
  Evoke: Wand              |       |       |     1 |     8 |       ||     9
    Use: Scroll            |     3 |     4 |    12 |    12 |     4 ||    35
         Potion            |       |       |     1 |     3 |       ||     4
   Stab: Sleeping          |       |     1 |     1 |     1 |       ||     3
         Invisible         |       |       |     1 |     2 |       ||     3
 Armour: Animal skin       |    10 |       |       |       |       ||    10
         Ring mail         |    10 |    15 |       |       |       ||    25
         Scale mail        |       |    20 |    40 |    61 |       ||   121
         Chain mail        |       |       |    13 |    56 |    14 ||    83
  Dodge: Dodged            |    56 |    58 |    87 |   163 |    17 ||   381

Table legend: (Time is in decaauts)
 A = Elapsed time spent in this place.
 B = Non-inter-level travel time spent in this place.
 C = Inter-level travel time spent in this place.
 D = Time resting spent in this place.
 E = Time spent auto-exploring this place.
 F = Levels seen in this place.
 G = Mean time per level.
                   A        B        C        D        E       F      G
               +--------+--------+--------+--------+--------+-----+--------+
         Total |  17774 |  17396 |    378 |   7267 |   7038 |  16 | 1110.9 |
       Dungeon |  11860 |  11539 |    321 |   3931 |   5830 |  10 | 1186.0 |
          Lair |    241 |    241 |      0 |      0 |    148 |   1 |  241.0 |
  Orcish Mines |   3485 |   3428 |     57 |   1913 |    810 |   2 | 1742.5 |
       Ossuary |    459 |    459 |      0 |    104 |    125 |   1 |  459.0 |
        Bailey |   1707 |   1707 |      0 |   1319 |    125 |   1 | 1707.0 |
      Gauntlet |     19 |     19 |      0 |      0 |      0 |   1 |   19.0 |
               +--------+--------+--------+--------+--------+-----+--------+

Top non-repeatable levels by time:
    D:10: 2145 daAuts
   Orc:1: 2123 daAuts
  Bailey: 1707 daAuts
     D:7: 1507 daAuts
     D:5: 1493 daAuts
   Orc:2: 1361 daAuts
     D:8: 1178 daAuts
     D:4: 1162 daAuts
     D:3: 1056 daAuts
     D:6: 873 daAuts
     D:1: 848 daAuts
     D:9: 816 daAuts
     D:2: 778 daAuts
 Ossuary: 459 daAuts
  Lair:1: 241 daAuts
